 Dungeon Crawl Stone Soup version 0.29.1-15-g9cfb28693d (webtiles) character file.

Game seed: 15518499064063853810

67 CabbageHands the Shield-Bearer (level 4, -4/36 (57) HPs)
             Began as a Meteoran Wanderer on Apr 11, 2023.
             Slain by Crazy Yiuf
             ... wielding a +2 quarterstaff of chaos
              (12 damage)
             ... on level 2 of the Dungeon.
             The game lasted 00:05:14 (1326 turns).

CabbageHands the Shield-Bearer (Meteoran Wanderer)  Turns: 1326, Time: 00:05:15

HP:   -4/36 (57)    AC:  8    Str: 14    XL:     4   Next: 67%
MP:   7/7           EV:  9    Int: 11    God:
Gold: 112           SH:  0    Dex: 17    Spells: 4/5 levels left

rFire   . . .      SeeInvis +   h - +2 short sword (venom)
rCold   . . .      Faith    .   b - +0 buckler
rNeg    . . .      Spirit   .   l - +0 ring mail
rPois   .          Reflect  .   (no helmet)
rElec   .          Harm     .   (no cloak)
rCorr   .          Rampage  .   (no gloves)
Will    .....                   p - +2 pair of boots
Stlth   ..........              (no amulet)
HPRegen 0.12/turn               q - ring of see invisible
MPRegen 0.10/turn               (no ring)

@: confused, berserking, glowing, very heavily drained, bezotted, very quick
A: sense surroundings 1, otherworldly, glowing, explore regen
a: no special abilities


You were on level 2 of the Dungeon.
You visited 1 branch of the dungeon, and saw 2 of its levels.

You collected 112 gold pieces.

Inventory:

Hand Weapons
 a - a +0 dagger
 h - a +2 short sword of venom (weapon)
Missiles
 f - 4 curare-tipped darts (quivered)
Armour
 b - a +0 buckler (worn)
 d - a +0 leather armour
 l - a +0 ring mail (worn)
 p - a +2 pair of boots (worn)
Jewellery
 k - a ring of fire
 q - a ring of see invisible (left hand)
Scrolls
 e - a scroll of silence
 g - 3 scrolls of identify {unknown}
 j - 2 scrolls of magic mapping {unknown}
 m - a scroll of summoning {unknown}
 r - a scroll of teleportation {unknown}
Potions
 i - a potion of attraction {unknown}
 n - 2 potions of curing {unknown}
 o - a potion of degeneration {unknown}


   Skills:
 - Level 3.2 Fighting
 * Level 4.7 Shields
 - Level 2.4 Unarmed Combat
 - Level 1.3 Spellcasting
 - Level 3.6 Translocations


You had 4 spell levels left.
You knew the following spells:

 Your Spells              Type           Power      Damage    Failure   Level
a - Apportation           Tloc           16%        N/A       19%         1

Your spell library contained the following spells:

 Spells                   Type           Power      Damage    Failure   Level
 Passage of Golubria      Tloc           8%         N/A       88%         4
 Iskenderun's Mystic Bla  Conj/Tloc      4%         2d3       99%         4


Dungeon Overview and Level Annotations

Branches:
Dungeon (2/15) Zot: 63

Altars:

Shops:
D:1 [

Annotations:
D:2 Crazy Yiuf


Innate Abilities, Weirdness & Mutations

You passively map a small area around you.
You are easily found by Zot.
You glow in the dark.
You regain HP and MP as you explore.


Message History

The adder is lightly wounded.
The adder barely misses you. The adder bites you but does no damage.
You barely miss the adder.
The adder is heavily wounded.
The adder bites you but does no damage.
You barely miss the adder.
The adder is severely wounded.
The adder bites you but does no damage. The adder closely misses you.
You hit the adder.
You kill the adder!
No target in view!
No target in view!
Things that are here:
an adder corpse; a bat corpse
Found 3 stones.
Found an escape hatch in the floor.
You have lingered too long.
Zot senses you.
Dive deeper or flee this branch before you suffer!
Found a scroll labelled BILISK EHUSS.
q - a ring of see invisible
r - a scroll labelled BILISK EHUSS
q - a ring of see invisible (left hand)
You see here a +5 hammer of protection.
Found a hammer.
Found a runed translucent door.
Found a hammer.
Crazy Yiuf shouts!
You open the door. You barely miss Crazy Yiuf.
Crazy Yiuf sings, "Trees, trees, trees, circus!"
Crazy Yiuf hits you with a +2 quarterstaff of chaos!
Crazy Yiuf freezes you.
You hit Crazy Yiuf.
Crazy Yiuf is lightly wounded.
Crazy Yiuf cries, "Lugonu tea forty-two!"
Crazy Yiuf hits you with a +2 quarterstaff of chaos!
* * * LOW HITPOINT WARNING * * *
You are confused.
A red film seems to cover your vision as you go berserk!
You feel yourself moving faster!
You feel mighty!
Crazy Yiuf hits you with a +2 quarterstaff of chaos!
You die...

#.##.....#
### *, * #.#
#.####.###
#[# #.# #.#
#.#
##.####.#
##### #.#
.....(..#
#..)# #.#
........#
#.).#
######.##
###.###.#
...
#.......#
*.# # #g#*
######..###
*.#* ##@#
#.........#
.. #.##
####.##.#...
*#.* * ##.#
#.##.#### *
.. #.##
#.##.# ,
##.## #.##.#
** , #)..##
##.##.##
#....#
#......#
#....#
#..##..#
##..##
####..##..#


You could see Crazy Yiuf.

Vanquished Creatures
  3 adders (D:2)
  A dart slug (D:1)
  An endoplasm (D:1)
  A giant cockroach (D:1)
  3 goblins (D:1)
  2 hobgoblins (D:1)
  4 jackals (D:1)
  7 kobolds
  A quokka (D:2)
  5 ball pythons
  8 bats
  A frilled lizard (D:1)
  3 rats
40 creatures vanquished.

Vanquished Creatures (others)
  2 plants (D:2)
2 creatures vanquished.

Grand Total: 42 creatures vanquished

Notes
Turn   | Place    | Note
-------+----------+-------------------------------------------
     0 | D:1      | CabbageHands the Meteoran Wanderer began the quest for the
                  | Orb.
     0 | D:1      | CabbageHands set off with the following items: a +0 dagger,
                  | a +0 buckler, a potion of berserk rage, a +0 leather
                  | armour, a scroll of silence; and the following spell
                  | memorised: Apportation; and the following spells available
                  | to memorise: Passage of Golubria, Iskenderun's Mystic
                  | Blast.
     0 | D:1      | Reached XP level 1. HP: 19/19 MP: 3/3
    66 | D:1      | You fall into a shaft and drop 1 floor!
   127 | D:2      | Reached skill level 2 in Shields
   127 | D:2      | Reached XP level 2. HP: 26/26 MP: 5/5
   237 | D:1      | Reached skill level 3 in Shields
   244 | D:1      | Reached XP level 3. HP: 14/31 MP: 6/6
   884 | D:1      | Reached skill level 4 in Shields
   927 | D:1      | Reached XP level 4. HP: 37/38 MP: 7/7
  1018 | D:1      | Found Ikydysh's Antique Armour Shoppe.
  1092 | D:2      | Glimpsed the power of Zot.
  1140 | D:2      | Glimpsed the power of Zot.
  1154 | D:2      | Found a faded altar of an unknown god.
  1180 | D:2      | Glimpsed the power of Zot.
  1190 | D:2      | Touched by the power of Zot.
  1289 | D:2      | Glimpsed the power of Zot.
  1319 | D:2      | Found a runed translucent door.
  1320 | D:2      | Noticed Crazy Yiuf
  1326 | D:2      | Slain by Crazy Yiuf

Illustrated notes

Levels and vault maps discovered:
D:1:      dpeg_arrival_brainrot, layout_loops_corners, serial_shops, shop
D:2:      layout_loops_ring, chequers_ecumenical_altar_lobes,
          minmay_pentomino_v2, uniq_crazy_yiuf_cottage

Skill      XL: |  1  2  3 |
---------------+----------+-----
Shields        | 2 3 4 |  4.7
Fighting       | |  3.2
Unarmed Combat | |  2.4
Spellcasting   | |  1.3
Translocations | |  3.6

Action                   |  1- 3 |  4- 6 || total
-------------------------+-------+-------++-------
Melee: Dagger            |    69 |       ||    69
       Short sword       |    36 |    29 ||    65
Throw: Dart              |     2 |       ||     2
  Use: Potion            |       |     1 ||     1
Armor: Leather armour    |    35 |       ||    35
       Ring mail         |    11 |    11 ||    22
Dodge: Dodged            |    42 |    11 ||    53
Block: Buckler           |    25 |     9 ||    34
